 Dungeon Crawl Stone Soup version 0.23.2-40-g277498a001 (webtiles) character file.

Game seed: 2986136927774223790

18206 Emblim88 the Grappler (level 12, -1/113 HPs)
             Began as a Troll Artificer on Oct 18, 2019.
             Was a High Priest of Qazlal.
             Slain by a hippogriff (6 damage)
             ... on level 11 of the Dungeon on Oct 19, 2019.
             The game lasted 00:40:48 (10985 turns).

Emblim88 the Grappler (Troll Artificer)            Turns: 10985, Time: 00:40:51

Health: -1/113     AC: 12    Str: 27    XL:     12   Next: 25%
Magic:  3/16       EV: 10    Int:  7    God:    Qazlal [*****.]
Gold:   513        SH: 17    Dex: 10    Spells: 11/11 levels left

rFire    . . .     SeeInvis +     - Unarmed
rCold    + . .     Gourm    +   s - +0 shield
rNeg     . . .     Faith    +   I - +0 troll leather armour
rPois    .         Spirit   .   (helmet restricted)
rElec    .         Reflect  .   b - +0 cloak
rCorr    .         Harm     .   (gloves unavailable)
MR       .....                  (boots unavailable)
Stlth    +.........             g - amulet of faith
HPRegen  1.08/turn              m - ring of see invisible
MPRegen  0.15/turn              y - ring of protection from cold

@: lethally poisoned (-1 -> -2), about to teleport, protected from physical
damage, repel missiles
A: large, unfitting armour, claws 3, fast metabolism 3, gourmand, regeneration
1, shaggy fur 1, tough skin 3
a: Upheaval, Elemental Force, Disaster Area, Renounce Religion


You were on level 11 of the Dungeon.
You worshipped Qazlal.
Qazlal was extremely pleased with you.
You were not hungry.

You visited 1 branch of the dungeon, and saw 12 of its levels.
You also visited: Sewer.

You collected 705 gold pieces.
You spent 192 gold pieces at shops.

Inventory:

Missiles
 G - 8 throwing nets (quivered)
Armour
 b - a +0 cloak (worn)
 s - a +0 shield (worn)
 E - the +0 robe of Gykukk {rN+}
   (You found it on level 8 of the Dungeon)

   It protects you from negative energy.
 I - a +0 troll leather armour (worn)
Jewellery
 g - an amulet of faith (around neck)
 m - a ring of see invisible (left claw)
 y - a ring of protection from cold (right claw)
 K - an uncursed amulet of the gourmand {unknown}
Wands
 c - a wand of flame (9)
 d - a wand of enslavement (15)
 e - a wand of random effects (15)
 j - a wand of digging (4)
 n - a wand of paralysis (8)
 x - a wand of acid (5)
 H - a wand of iceblast (5)
 J - a wand of polymorph (4)
Scrolls
 i - 3 scrolls of teleportation
 k - 7 scrolls of remove curse
 l - 3 scrolls of enchant armour
 o - 3 scrolls of noise
 p - 4 scrolls of amnesia
 u - a scroll of fear
 v - 3 scrolls of enchant weapon
 B - a scroll of fog {unknown}
 C - 2 scrolls of blinking
 F - a scroll of magic mapping
 L - a scroll of identify
Potions
 a - 2 potions of cancellation
 h - 7 potions of curing
 q - a potion of might
 r - 3 potions of heal wounds
 t - a potion of ambrosia
 w - 5 potions of flight
 z - a potion of brilliance
 A - a potion of resistance
 D - 2 potions of magic
Comestibles
 f - 17 rations


   Skills:
 + Level 5.7 Fighting
   Level 0.7 Short Blades
 - Level 2.7 Dodging
 - Level 0.4 Stealth
 - Level 9.3 Shields
 * Level 11.8 Unarmed Combat
 * Level 5.8 Invocations
 + Level 7.4 Evocations


You had 11 spell levels left.
You didn't know any spells.
Your spell library contained the following spells:

 Spells                   Type           Power        Failure   Level  Hunger
 Bolt of Magma            Conj/Fire/Erth #.........   100%        5    ######.
 Iskenderun's Battlesphe  Conj/Chrm      #.......     100%        5    ######.
 Venom Bolt               Conj/Pois      #.........   100%        5    ######.
 Iron Shot                Conj/Erth      #.........   100%        6    #######
 Orb of Destruction       Conj           #.........   100%        7    #######
 Spellforged Servitor     Conj/Summ      #.........   100%        7    #######


Dungeon Overview and Level Annotations

Branches:
Dungeon (12/15)            Temple (0/1) D:4            Lair (0/6) D:10
    Orc (0/2) D:11

Altars:
Cheibriados
Dithmenos
Elyvilon
Gozag
Nemelex Xobeh
Okawaru
Qazlal
Sif Muna
Uskayaw
Vehumet
Wu Jian
Xom
Zin

Shops:
D:4 !   D:6 ?   D:11 (


Innate Abilities, Weirdness & Mutations

You are too large for most types of armour.
You have claws for hands.
Your metabolism is lightning-fast.
You like to eat raw meat.
Your natural rate of healing is unusually fast.
You are covered in fur. (AC +1)
You have extremely tough skin. (AC +3)


Message History

The white ugly thing freezes you! You resist.
You feel more protected from cold.
* * * LOW HITPOINT WARNING * * *
The hippogriff is engulfed in blazing flames.
The hippogriff closely misses you.
The hippogriff pecks you but does no damage.
You block the hippogriff's attack. The vampire mosquito bites you!
* * * LOW HITPOINT WARNING * * *
The vampire mosquito draws strength from your injuries!
The killer bee stings you.
* * * LOW HITPOINT WARNING * * *
You are poisoned.
The killer bee poisons you!
The hippogriff bites you but does no damage.
The hippogriff pecks you.
* * * LOW HITPOINT WARNING * * *
Your resistance to cold fades away.
You feel protected from physical attacks.
The hippogriff claws you.
You die...

..# #..'.......#######'#######
..# ####.....>.# #.### >##
######.## #...# .# ######..###
###.# .# #.........# #####.##
.# #.........####......# .#
#....°..§○##........# #######
#..<..yuH.##.#......#
......####....○.@y○##.#......#
#####....'....§†H†.#..#......#
# ######......§..#.##......# #
#.........+.##......# #
#.........#######.### #
####.###### #.# #####<## ##.#
#.)((.(# #..# ### #.)))..#
#.##


You could see a white ugly thing, 2 hippogriffs, a vampire mosquito and a killer
bee.

Vanquished Creatures
  Harold (D:8)
  2 centaur warriors
  A two-headed ogre (D:7)
  Nergalle (D:11)
  Pikel (D:6)
  An ugly thing (D:11)
  A gargoyle (D:12)
  Joseph (D:8)
  3 trolls (D:11)
  A hornet (D:11)
  3 hippogriffs
  Sigmund (D:3)
  6 yaks (D:9)
  3 hungry ghosts
  2 vampire mosquitoes (D:12)
  Edmund (D:4)
  3 ice beasts
  8 orc warriors
  4 sky beasts
  3 slaves (D:6)
  2 black bears
  A hornet zombie (D:8)
  3 phantoms
  A wolf (D:10)
  8 ogres
  14 centaurs
  3 big kobolds
  7 bullfrogs
  9 gnoll sergeants
  A scorpion (D:6)
  A wyvern skeleton (D:8)
  18 killer bees
  2 howler monkeys
  An electric eel (D:7)
  A bullfrog zombie (D:11)
  4 centaur zombies
  A crimson imp (D:5)
  2 quasits
  15 hounds
  4 gnoll shamans
  10 orc priests
  3 centaur skeletons
  4 jellies
  10 orc wizards
  3 bullfrog skeletons
  Natasha (thrice) (D:3)
  3 iguanas
  6 worker ants
  2 hound zombies
  A hound skeleton (D:10)
  A howler monkey zombie (D:11)
  16 adders
  44 gnolls
  2 river rats
  2 shadow imps
  5 oozes
  2 adder skeletons
  An adder zombie (D:5)
  2 worms
  2 dart slugs
  6 leopard geckos
  30 orcs
  A ball python (D:5)
  11 bats
  8 giant cockroaches
  11 goblins
  14 hobgoblins
  16 jackals
  2 quokkas
  5 frilled lizards
  22 kobolds
  A quokka skeleton (D:7)
  21 rats
415 creatures vanquished.

Vanquished Creatures (collateral kills)
  A gnoll (D:10)
1 creature vanquished.

Vanquished Creatures (others)
  An orc wizard (D:6)
1 creature vanquished.

Grand Total: 417 creatures vanquished

Notes
Turn   | Place    | Note
-------+----------+-------------------------------------------
     0 | D:1      | Emblim88 the Troll Artificer began the quest for the Orb.
     0 | D:1      | Reached XP level 1. HP: 18/18 MP: 1/1
   139 | D:1      | Reached XP level 2. HP: 22/26 MP: 2/2
   292 | D:1      | Reached XP level 3. HP: 32/32 MP: 4/4
   489 | D:1      | Reached skill level 1 in Unarmed Combat
   778 | D:2      | Reached skill level 1 in Fighting
   958 | D:2      | Reached XP level 4. HP: 41/41 MP: 5/5
  1288 | D:2      | Reached skill level 2 in Unarmed Combat
  1653 | D:3      | Found a white marble altar of Elyvilon.
  1655 | D:3      | Found a stormy altar of Qazlal.
  1657 | D:3      | Found a snail-covered altar of Cheibriados.
  1659 | D:3      | Found an iron altar of Okawaru.
  1661 | D:3      | Found an opulent altar of Gozag.
  1662 | D:3      | Became a worshipper of Qazlal Stormbringer
  1748 | D:3      | Reached XP level 5. HP: 35/48 MP: 6/6
  1896 | D:3      | Noticed Natasha
  1900 | D:3      | Killed Natasha
  1990 | D:3      | Noticed Natasha
  2009 | D:3      | Killed Natasha
  2025 | D:3      | Noticed Natasha
  2034 | D:3      | Killed Natasha
  2034 | D:3      | Reached skill level 3 in Unarmed Combat
  2181 | D:3      | Noticed Sigmund
  2194 | D:3      | Killed Sigmund
  2194 | D:3      | Reached skill level 1 in Shields
  2194 | D:3      | Reached XP level 6. HP: 35/57 MP: 7/7
  2675 | D:3      | Reached * piety under Qazlal
  2835 | D:4      | Noticed Edmund
  2848 | D:4      | Killed Edmund
  2848 | D:4      | Reached XP level 7. HP: 33/65 MP: 7/9
  2973 | D:4      | Found a staircase to the Ecumenical Temple.
  3001 | D:4      | Found a glowing silver altar of Zin.
  3043 | D:4      | Found Ygilut's Distillery.
  3075 | D:4      | Reached skill level 4 in Unarmed Combat
  3076 | D:4      | Found a glowing drain.
  3088 | Sewer    | Entered a sewer
  3193 | Sewer    | Found a glowing silver altar of Zin.
  3249 | D:4      | Bought a potion of heal wounds for 70 gold pieces
  3249 | D:4      | Bought a potion of heal wounds for 70 gold pieces
  3459 | D:4      | Found a shimmering altar of Xom.
  3460 | D:4      | Noticed an angel
  3910 | D:4      | Reached skill level 8 in Unarmed Combat
  3910 | D:4      | Reached XP level 8. HP: 74/74 MP: 10/10
  3912 | D:5      | Entered Level 5 of the Dungeon
  4029 | D:5      | Found an ornate altar of the Wu Jian Council.
  4244 | D:5      | Reached XP level 9. HP: 80/80 MP: 11/11
  4808 | D:5      | Reached ** piety under Qazlal
  5173 | D:6      | Noticed Pikel
  5189 | D:6      | Killed Pikel
  5190 | D:6      | Found a hide-covered altar of Uskayaw.
  5314 | D:6      | Found a deep blue altar of Sif Muna.
  5336 | D:6      | Reached skill level 5 in Evocations
  5373 | D:6      | Reached skill level 9 in Unarmed Combat
  5476 | D:6      | Found Zastecy's Magic Scroll Emporium.
  5479 | D:6      | Bought a scroll of identify for 26 gold pieces
  5479 | D:6      | Bought a scroll of identify for 26 gold pieces
  5846 | D:7      | Reached XP level 10. HP: 76/91 MP: 13/13
  6343 | D:8      | Reached skill level 1 in Invocations
  6348 | D:8      | Noticed Joseph
  6354 | D:8      | Reached *** piety under Qazlal
  6365 | D:8      | Killed Joseph
  6447 | D:8      | Noticed a two-headed ogre
  6583 | D:8      | Noticed Harold
  6602 | D:8      | Killed Harold
  6824 | D:7      | Killed a two-headed ogre
  7225 | D:8      | Reached skill level 10 in Unarmed Combat
  7430 | D:8      | Got a ripped robe
  7441 | D:8      | Identified the cursed +0 robe of Gykukk {rN+} (You found it
                  | on level 8 of the Dungeon)
  8031 | D:9      | Reached **** piety under Qazlal
  8037 | D:9      | Reached XP level 11. HP: 90/100 MP: 14/14
  8491 | D:9      | Reached ***** piety under Qazlal
  8499 | D:9      | Noticed a centaur warrior
  8504 | D:9      | Killed a centaur warrior
  8526 | D:9      | Found a radiant altar of Vehumet.
  8526 | D:9      | Found a shadowy altar of Dithmenos.
  8555 | D:9      | Found a sparkling altar of Nemelex Xobeh.
  8826 | D:10     | Entered Level 10 of the Dungeon
  9608 | D:10     | Reached skill level 11 in Unarmed Combat
  9624 | D:10     | Reached skill level 5 in Fighting
  9755 | D:10     | Found a staircase to the Lair.
 10145 | D:11     | Noticed a centaur warrior
 10156 | D:11     | Killed a centaur warrior
 10224 | D:11     | Noticed Nergalle
 10231 | D:11     | Killed Nergalle
 10242 | D:11     | Reached skill level 5 in Invocations
 10290 | D:11     | Reached XP level 12. HP: 111/111 MP: 16/16
 10479 | D:11     | Found Muychiatt's Weapon Shop.
 10494 | D:11     | Found a staircase to the Orcish Mines.
 10884 | D:11     | Paralysed by a hornet for 2 turns
 10985 | D:11     | HP: 5/113 [hippogriff (2)]
 10985 | D:11     | Slain by a hippogriff

Skill      XL: |  1  2  3  4  5  6  7  8  9 10 11 |
---------------+----------------------------------+-----
Unarmed Combat | 1 2 3 8 9 10 11 | 11.8
Dodging        | 2 |  2.7
Fighting       | 1 2 3 4 5 |  5.7
Evocations     | 3 4 5 6 7 |  7.4
Shields        | 1 8 9 |  9.3
Invocations    | 2 5 |  5.8
Short Blades   | |  0.7
Stealth        | |  0.4

Action                   |  1- 3 |  4- 6 |  7- 9 | 10-12 || total
-------------------------+-------+-------+-------+-------++-------
Melee: Unarmed           |   108 |   159 |   328 |   669 ||  1264
       Punch             |     1 |       |       |       ||     1
Invok: Upheaval          |       |       |     1 |     5 ||     6
       Elemental Force   |       |       |       |     1 ||     1
       Disaster Area     |       |       |       |     2 ||     2
Evoke: Wand              |       |     3 |       |     5 ||     8
  Use: Scroll            |       |     2 |    12 |    10 ||    24
       Potion            |       |       |     7 |     6 ||    13
 Stab: Sleeping          |     2 |       |       |       ||     2
  Eat: Chunk             |    14 |    16 |    17 |    35 ||    82
       Ration            |       |       |     3 |     7 ||    10
Armor: Robe              |    47 |    58 |    51 |    85 ||   241
       Troll leather arm |       |       |       |    46 ||    46
Dodge: Dodged            |    60 |    65 |    57 |   174 ||   356
       Deflected         |       |       |       |     7 ||     7
Block: Shield            |       |    13 |   155 |   591 ||   759
